 Dungeon Crawl Stone Soup version 0.24-a0-458-gfcb5e6da0e (webtiles) character file.

Game seed: 9453669968838487390

44 Amnesiac the Insei (level 3, -1/23 HPs)
             Began as an Octopode Transmuter on June 27, 2019.
             Slain by a hobgoblin (3 damage)
             ... on level 1 of the Dungeon.
             The game lasted 00:03:08 (845 turns).

Amnesiac the Insei (Octopode Transmuter)             Turns: 845, Time: 00:03:09

Health: -1/23      AC:  1    Str:  8 (9)  XL:     3   Next: 62%
Magic:  2/6        EV: 13    Int: 14 (15) God:
Gold:   116        SH:  0    Dex: 10 (13) Spells: 0/6 levels left

rFire    . . .     SeeInvis .     - Unarmed
rCold    . . .     Gourm    .   (no shield)
rNeg     . . .     Faith    .   (helmet restricted)
rPois    .         Spirit   .   (no amulet)
rElec    .         Reflect  .   (no ring)
rCorr    .         Harm     .   (no ring)
MR       .....                  (no ring)
Stlth    ++........             (no ring)
HPRegen  0.07/turn              (no ring)
MPRegen  0.10/turn              (no ring)
                                (no ring)
                                (no ring)

@: very slightly contaminated, hasted, very quick
A: almost no armour, stealthy swim, amphibious, 8 rings, constrict 8, camouflage
1, gelatinous body 1
a: no special abilities


You were on level 1 of the Dungeon.
You were not hungry.

You visited 1 branch of the dungeon, and saw 3 of its levels.

You collected 116 gold pieces.

Inventory:

Missiles
 a - 36 arrows
 g - 32 poisoned darts (quivered)
Scrolls
 b - a scroll of enchant weapon {!r, unknown}
 e - 2 scrolls of identify {!r, unknown}
Potions
 f - a potion of resistance {!q, unknown}
Comestibles
 c - 2 rations
 d - 2 chunks of flesh


   Skills:
 - Level 1.0 Fighting
 - Level 2.0 Dodging
 + Level 3.4 Unarmed Combat
 - Level 2.0 Spellcasting
 + Level 3.4 Transmutations


You couldn't memorise any spells.
You knew the following spells:

 Your Spells              Type           Power        Failure   Level  Hunger
a - Beastly Appendage     Tmut           ##....       6%          1    ##.....
b - Sticks to Snakes      Tmut           ##......     9%          2    ###....
e - Spider Form           Tmut/Pois      #.........   34%         3    ####...

Your spell library contained the following spells:

 Spells                   Type           Power        Failure   Level  Hunger
 Ice Form                 Ice/Tmut       #.......     75%         4    #####..
 Blade Hands              Tmut           ##........   85%         5    ######.


Dungeon Overview and Level Annotations

Branches:
Dungeon (3/15)

Altars:
Cheibriados
Trog


Innate Abilities, Weirdness & Mutations

You cannot wear most types of armour.
You are very stealthy in the water. (Stealth+)
You are amphibious.
You can wear up to eight rings at the same time.
You can use your tentacles to constrict eight enemies at once.
Your skin changes colour to match your surroundings (Stealth+).
Your rubbery body absorbs attacks. (AC +1, EV +1)


Message History

Unknown command.
The leopard gecko hisses angrily.
The orc shouts!
The orc hits you with a +0 morningstar.
* * * LOW HITPOINT WARNING * * *
The orc closely misses you.
The goblin shoots a stone.
The stone barely misses you. The orc barely misses you.
You climb upwards.
There is a stone staircase leading down here.
The orc hits you with a +0 hand axe.
* * * LOW HITPOINT WARNING * * *
The goblin shouts!
There is a stone staircase leading up here.
The orc closely misses you.
You climb upwards.
There is a stone staircase leading down here.
Cast which spell? (? or * to list)
You miscast Spider Form.
You are very lightly contaminated with residual magic.
You feel faint for a moment. The orc closely misses you.
Casting: Spider Form (safe; 32% risk of failure)
Confirm with . or Enter, or press ? or * to list all spells.
You create a snake!
You now have 36 arrows.
The orc hits you with a +0 hand axe.
* * * LOW HITPOINT WARNING * * *
The orc hits your ball python with a +0 hand axe.
Found 12 gold pieces and a grey potion.
Found a stone staircase leading down.
Something hits your ball python!
Your ball python dies!
Found a puce potion.
Found a scroll labeled EWNEKLACLA.
You see here a grey potion {!q}.
Quiver which item? (- for none, * to show all) (? for menu, Esc to quit)
Huh?
Quiver which item? (- for none, * to show all) (? for menu, Esc to quit)
Okay, then.
(D) Dungeon
Where to? (Enter - D:2 @ (x,y), ? - help)
Okay, then.
Quiver which item? (- for none, * to show all) (? for menu, Esc to quit)
Okay, then.
Quiver which item? (- for none, * to show all) (? for menu, Esc to quit)
Okay, then.
Really quaff a grey potion {!q}?
It was a potion of degeneration {!q}.
There was something very wrong with that liquid.
You feel weakened.
You feel dopey.
You feel clumsy.
A bat comes into view.
A rat comes into view.
The frilled lizard hisses.
Found a scroll labeled CIMNIU BINITE.
Really quaff
h - a cyan potion {!q}?
It was a potion of haste {!q}.
You feel yourself speed up. The orc completely misses you.
A kobold comes into view. It is wielding a +0 club.
Found 15 gold pieces.
The rat bites you.
* * * LOW HITPOINT WARNING * * *
The kobold shouts!
A hobgoblin comes into view.
You catch the helpless hobgoblin completely off-guard!
You tentacle-slap the hobgoblin.
The hobgoblin is almost dead.
The hobgoblin hits you.
You die...

..... #..... ...
...#####...###.# #
##.##..........##
#.##................
##.#.......l........
...?!...l###o...##.#
#b#.....# #..r.# .##
##...## #....#...###
##.## ##.K@g......
#.# #...#...##. #.#
#...# .## #l# #...#
# ###.######...#
#.....l......#
#.#.###>.....#
.$...# #......#
>...... $........


You could see an orc, a hobgoblin, a kobold, a frilled lizard and a rat.

Vanquished Creatures
  3 adders (D:2)
  A worm (D:2)
  A bat (D:2)
  2 giant cockroaches (D:2)
  3 hobgoblins
  3 frilled lizards
  2 kobolds (D:2)
  2 rats
17 creatures vanquished.

Notes
Turn   | Place    | Note
-------+----------+-------------------------------------------
     0 | D:1      | Amnesiac the Octopode Transmuter began the quest for the
                  | Orb.
     0 | D:1      | Reached XP level 1. HP: 13/13 MP: 3/3
    72 | D:2      | Found a snail-covered altar of Cheibriados.
    79 | D:2      | Reached XP level 2. HP: 16/18 MP: 5/5
    89 | D:2      | Learned a level 2 spell: Sticks to Snakes
   389 | D:2      | Reached XP level 3. HP: 18/23 MP: 6/6
   592 | D:2      | Found a bloodstained altar of Trog.
   601 | D:2      | Learned a level 3 spell: Spider Form
   845 | D:1      | Slain by a hobgoblin

Levels and vault maps discovered:
D:1:      nicolae_arrival_washed_ashore, layout_loops_ring
D:2:      layout_rooms, cheibriados_altar_1, trog_three_pillars_becter
D:3:      layout_rooms, minmay_overflow_temple_hex, minmay_goblin_kobold_house

Skill      XL: |  1 |
---------------+----+-----
Transmutations | 3 |  3.4
Fighting       | |  1.0
Dodging        | |  2.0
Unarmed Combat | |  3.4
Spellcasting   | |  2.0

Action                   || total
-------------------------++-------
Melee: Unarmed           ||    38
       Constrict         ||     8
       Tentacles         ||     6
       Punch             ||     2
 Cast: Sticks to Snakes  ||     1
  Use: Potion            ||     2
 Stab: Sleeping          ||     4
       Distracted        ||     1
Armor: Skin              ||     2
Dodge: Dodged            ||    22

Table legend:
 A = Non-vault XP
 B = Vault XP
 C = Vault XP percentage of total XP
 D = Non-vault monster count
 E = Vault monster count
 F = Vault count percentage of total count
                 A         B        C        D         E       F
            +---------+---------+-------+---------+---------+-------
      Total |      64 |       0 |   0.0 |      17 |       0 |   0.0
            +---------+---------+-------+---------+---------+-------
        D:1 |       4 |       0 |   0.0 |       3 |       0 |   0.0
        D:2 |      59 |       0 |   0.0 |      13 |       0 |   0.0
        D:3 |       1 |       0 |   0.0 |       1 |       0 |   0.0
            +---------+---------+-------+---------+---------+-------
